 Dungeon Sprint DCSS version 0.29-a0-337-g68df138881 (webtiles) character file.

Game seed: 14376793151532333097

45588 mhtbhm the Slayer (level 14, -2/152 HPs)
             Began as a Green Draconian Berserker on Apr 16, 2022.
             Was the Champion of Trog.
             Killed from afar by an ice dragon (34 damage)
             ... with a blast of cold
             ... in the Dungeon (Sprint IX: "|||||||||||||||||||||||||||||").
             The game lasted 00:09:36 (6126 turns).

mhtbhm the Slayer (Green Draconian Berserker)       Turns: 6126, Time: 00:09:36

Health: -2/152     AC: 15    Str: 24    XL:     14   Next: 1%
Magic:  14/14      EV: 20    Int:  8    God:    Trog [******]
Gold:   1164       SH:  0    Dex: 11    Spells: 13/13 levels left

rFire   . . .      SeeInvis .   a - +7 captain's cutlass {speed, disarm}
rCold   . . .      Faith    .   (no shield)
rNeg    . . .      Spirit   .   (body armour unavailable)
rPois   +          Reflect  .   z - +1 hat
rElec   .          Harm     .   k - +0 cloak
rCorr   .          Rampage  .   j - +0 pair of gloves
Will    +....      NoTele   +   G - +1 pair of boots
Stlth   ++++++....              (no amulet)
HPRegen 0.35/turn               l - +2 ring of evasion
MPRegen 0.14/turn               m - +2 ring of protection

@: short of breath, on berserk cooldown, slowed, very slow
A: breathe noxious fumes, AC +8, unfitting armour, stinger 1, poison resistance,
cold-blooded
a: Breathe Noxious Fumes, Renounce Religion, Berserk, Trog's Hand, Brothers in
Arms


You were in the Dungeon.
You worshipped Trog.
Trog was exalted by your worship.
You visited 1 branch You collected 1941 gold pieces.
You spent 777 gold pieces at shops.

Inventory:

Hand Weapons
 a - the +7 captain's cutlass (weapon) {speed, disarm}
   (You found it in the Dungeon)

   Attacks with this weapon are significantly faster.
   It may disarm weapon-wielding foes when striking them, dealing extra damage
   in the process.
 v - a +10 antimagic quick blade
 w - a +2 morningstar of holy wrath
 D - a +5 quick blade of flaming
 E - the +2 Maxwell's thermic engine {flame, freeze}
   (You found it in the Dungeon)

   It burns those it strikes, dealing additional fire damage.
   Big, fiery blades are also staple armaments of hydra-hunters.
   It freezes those it strikes, dealing additional cold damage.
   It can also slow down cold-blooded creatures.
   It becomes more effective when it hits something.
   This effect fades over time.
Missiles
 n - 5 poisoned darts
 u - 5 curare-tipped darts (quivered)
 y - 4 throwing nets
Armour
 j - a +0 pair of gloves (worn)
 k - a +0 cloak (worn)
 z - a +1 hat (worn)
 A - the +4 kite shield of the Game of Life {-Tele Harm rC+++ MP-9}
   (You took it off Donald in the Dungeon)

   rC:        It renders you almost immune to cold.
   MP:        It affects your magic capacity (-9).
   -Tele:     It prevents most forms of teleportation.
   Harm:      It increases damage dealt and taken.
 F - a +1 tower shield
 G - a +1 pair of boots (worn)
Jewellery
 l - a +2 ring of evasion (left hand)
 m - a +2 ring of protection (right hand)
 B - a ring of protection from cold
 C - a ring of fire
Wands
 i - a wand of iceblast (9)
Scrolls
 g - 4 scrolls of blinking
 q - 2 scrolls of enchant weapon
 r - 2 scrolls of enchant armour
 s - 2 scrolls of identify
Potions
 b - 9 potions of curing
 c - 7 potions of heal wounds
 d - 3 potions of haste
 e - 4 potions of magic
 f - 2 potions of berserk rage
 h - a potion of invisibility
 o - 3 potions of mutation
 t - 6 potions of might
 x - a potion of attraction
Miscellaneous
 p - a box of beasts


   Skills:
 + Level 21.7 Fighting
 + Level 19.5(21.4) Short Blades
 + Level 15.1(19.3) Long Blades
 + Level 16.2 Dodging
 + Level 16.1 Stealth
 * Level 3.9 Shields
 + Level 0.6 Evocations


You had 13 spell levels left.
You didn't know any spells.
Your spell library was empty.

Dungeon Overview and Level Annotations

Branches:
Dungeon (1/1)

Altars:
Cheibriados
Dithmenos
Elyvilon
Fedhas
Gozag
Hepliaklqana
Kikubaaqudgha
Makhleb
Nemelex Xobeh
Okawaru
Qazlal
Ru
Sif Muna
Trog
Uskayaw
Vehumet
Wu Jian
Xom
Yredelemnul
Zin
The Shining One
Beogh
Jiyva
Lugonu

Shops:
D :!(


Innate Abilities, Weirdness & Mutations

You can breathe blasts of noxious fumes.
Your lurid green scales are hard. (AC +8)
You cannot fit into any form of body armour.
Your tail ends in a venomous barb.
Your system is resistant to poisons. (rPois)
You are cold-blooded and may be slowed by cold attacks.


Message History

You puncture the frost giant!
The captain's cutlass flashes!
You lacerate the frost giant!!
The frost giant's +0 battleaxe of freezing falls to the floor!
The frost giant is severely wounded.
You have got your breath back.
You puncture the frost giant! You tail-slap the frost giant.
The frost giant is almost dead.
You hit the frost giant but do no damage.
The frost giant is almost dead.
The frost giant hits you but does no damage.
You puncture the frost giant!
You kill the frost giant!
Trog accepts your kill.
Trog appreciates your killing of a magic user.
You have reached level 14!
A venomous barb forms on the end of your tail.
Unknown command.
You feel yourself speed up.
You see here a frost giant corpse.
You feel a strong urge to attack something.
You see here a +1 battleaxe of freezing.
You start resting.
You are no longer berserk.
You are exhausted.
You feel yourself slow down.
You start resting.
An ice dragon is nearby!
An ice dragon is nearby!
An ice dragon is nearby!
An ice dragon is nearby!
Aiming: Breathe Noxious Fumes (1% risk of failure)
Press: ? - help, Shift-Dir - straight line, f - ice dragon
Aim: an ice dragon (wandering, hasn't noticed you, 74% to hit)
You exhale a blast of noxious fumes.
The blast of choking fumes hits the ice dragon but does no damage.
The ice dragon roars deafeningly!
You see here a +0 leather armour.
The ice dragon breathes frost at you. The blast of cold hits you!!
You die...

▓▓▓▓▓▓▓▓▓▓▓▓▓ VCiDC.[)'....
▓▓▓▓▓▓▓▓▓▓▓▓▓▓▓▓▓▓▓▓▓▓▓▓▓▓▓▓▓▓▓▓▓
.............)..@[..D°°°°........
▓♣♣♣♣♣♣♣♣♣♣▓▓▓▓▓▓▓▓▓▓▓▓▓▓▓▓▓▓▓▓▓▓
'.....))..'.......))'.)).)...()..
▓♣♣♣♣♣♣♣♣♣♣▓▓▓▓▓▓▓▓▓▓▓▓▓▓▓▓▓▓▓▓▓▓
.................................
▓▓▓▓▓▓▓▓▓▓▓▓▓▓▓▓▓▓▓▓▓▓▓▓▓▓▓▓▓▓▓▓▓
.)(').........[[=[[[)[.))))).))))
▓▓▓▓▓▓▓▓▓▓▓▓▓▓▓▓▓▓▓▓▓▓▓▓▓▓▓▓▓▓▓▓▓
................[................


You could see an ice dragon (catching breath).

Vanquished Creatures
  A tentacled monstrosity (D)
  Gastronok (D)
  A tengu reaver (D)
  A frost giant (D)
  A spriggan defender (D)
  A broodmother (D)
  A bunyip (D)
  Azrael (D)
  2 ettins (D)
  A fire dragon (D)
  A boulder beetle (D)
  Harold (D)
  An alligator snapping turtle (D)
  A jorogumo (D)
  A centaur warrior (D)
  5 hydras (D)
  A spriggan air mage (D)
  An anaconda (D)
  A two-headed ogre (D)
  2 deep troll earth magi (D)
  A deep troll shaman (D)
  2 shock serpents (D)
  Sonja (D)
  A spriggan druid (D)
  3 steelbarb worms (D)
  2 sea snakes (D)
  A swamp dragon (D)
  3 orc knights (D)
  A wolf spider (D)
  2 cyclopes (D)
  An ugly thing (D)
  2 will-o-the-wisps (D)
  8 orc sorcerers (D)
  6 black mambas (D)
  2 merfolk sirens (D)
  A naga mage (D)
  A water nymph (D)
  3 cane toads (D)
  A gargoyle (D)
  Psyche (D)
  A rime drake (shapeshifter) (D)
  A rime drake (D)
  A komodo dragon (D)
  2 tyrant leeches (D)
  A meliai (D)
  A wind drake (D)
  2 merfolk (D)
  4 blink frogs (D)
  A polar bear (D)
  A culicivora (D)
  A shadow (D)
  A wyvern (D)
  2 yaks (D)
  Eustachio (D)
  2 fire elementals (D)
  A human (shapeshifter) (D)
  A vampire mosquito (D)
  2 hell hounds (D)
  2 water moccasins (D)
  8 orc warriors (D)
  A boggart (D)
  A wolf (D)
  A centaur (D)
  A kobold brigand (D)
  7 bullfrogs (D)
  A scorpion (D)
  A killer bee (D)
  3 orc priests (D)
  An iguana (D)
  11 orc wizards (D)
  2 adders (D)
  6 orcs (D)
  2 endoplasms (D)
  A giant cockroach (D)
  A goblin (D)
  A hobgoblin (D)
  A quokka simulacrum (D)
147 creatures vanquished.

Vanquished Creatures (collateral kills)
  Donald (D)
  A bunyip (D)
  2 bog bodies (D)
  A will-o-the-wisp (D)
5 creatures vanquished.

Vanquished Creatures (others)
  A frost giant (D)
  A steelbarb worm (D)
  3 foxfires (D)
5 creatures vanquished.

Grand Total: 157 creatures vanquished

Notes
Turn   | Place    | Note
-------+----------+-------------------------------------------
     0 | D        | mhtbhm the Draconian Berserker began the quest for the Orb.
     0 | D        | Reached XP level 1. HP: 19/19 MP: 1/1
    12 | D        | Reached ** piety under Trog
    14 | D        | Reached skill level 4 in Fighting
   103 | D        | Noticed an iguana
   103 | D        | Noticed a scorpion
   113 | D        | Killed a scorpion
   114 | D        | Reached skill level 5 in Fighting
   114 | D        | Reached skill level 5 in Long Blades
   114 | D        | Reached XP level 2. HP: 20/30 MP: 2/2
   114 | D        | Reached XP level 3. HP: 25/37 MP: 3/3
   114 | D        | Reached XP level 4. HP: 30/44 MP: 4/4
   116 | D        | Reached skill level 6 in Fighting
   119 | D        | Reached *** piety under Trog
   120 | D        | Reached skill level 5 in Dodging
   138 | D        | Found a snail-covered altar of Cheibriados.
   138 | D        | Found a shadowy altar of Dithmenos.
   138 | D        | Found a white marble altar of Elyvilon.
   138 | D        | Found a blossoming altar of Fedhas.
   138 | D        | Found an opulent altar of Gozag.
   139 | D        | Found a hazy altar of Hepliaklqana.
   140 | D        | Found a viscous altar of Jiyva.
   141 | D        | Found an ancient bone altar of Kikubaaqudgha.
   142 | D        | Found a corrupted altar of Lugonu.
   143 | D        | Found a burning altar of Makhleb.
   144 | D        | Found a sparkling altar of Nemelex Xobeh.
   145 | D        | Found an iron altar of Okawaru.
   146 | D        | Found a stormy altar of Qazlal.
   147 | D        | Found a sacrificial altar of Ru.
   148 | D        | Found a shimmering blue altar of Sif Muna.
   149 | D        | Found a bloodstained altar of Trog.
   150 | D        | Found a hide-covered altar of Uskayaw.
   151 | D        | Found a radiant altar of Vehumet.
   152 | D        | Found an ornate altar of the Wu Jian Council.
   153 | D        | Found a shimmering altar of Xom.
   154 | D        | Found a basalt altar of Yredelemnul.
   155 | D        | Found a glowing silver altar of Zin.
   156 | D        | Found a glowing golden altar of the Shining One.
   164 | D        | Found the +7 captain's cutlass {speed, disarm}
   344 | D        | Noticed a shadow
   344 | D        | Noticed a centaur
   344 | D        | Noticed a gargoyle
   344 | D        | Noticed a wyvern
   344 | D        | Noticed a kobold brigand
   348 | D        | Killed a kobold brigand
   349 | D        | Reached skill level 7 in Fighting
   349 | D        | Reached skill level 1 in Stealth
   349 | D        | Reached XP level 5. HP: 52/52 MP: 5/5
   355 | D        | Killed a wyvern
   355 | D        | Reached **** piety under Trog
   356 | D        | Reached skill level 8 in Fighting
   356 | D        | Reached XP level 6. HP: 62/62 MP: 6/6
   357 | D        | Killed a gargoyle
   358 | D        | Reached skill level 9 in Fighting
   358 | D        | Reached skill level 1 in Short Blades
   358 | D        | Reached skill level 10 in Long Blades
   358 | D        | Your scales start taking on a lurid green colour.
   358 | D        | Reached XP level 7. HP: 71/71 MP: 7/7
   358 | D        | Gained mutation: Your system is resistant to poisons.
                  | (rPois) [Green Draconian growth]
   360 | D        | Reached skill level 10 in Fighting
   364 | D        | Killed a shadow
   364 | D        | Reached ***** piety under Trog
   508 | D        | Noticed a five-headed hydra
   508 | D        | Noticed a vampire mosquito
   508 | D        | Noticed a six-headed hydra
   508 | D        | Noticed a meliai
   508 | D        | Noticed a two-headed ogre
   508 | D        | Noticed a human
   515 | D        | Killed a human
   516 | D        | Reached XP level 8. HP: 81/81 MP: 8/8
   519 | D        | Killed a two-headed ogre
   520 | D        | Reached skill level 11 in Fighting
   523 | D        | Killed a six-headed hydra
   523 | D        | Received a gift from Trog
   524 | D        | Reached skill level 12 in Fighting
   524 | D        | Reached XP level 9. HP: 91/91 MP: 9/9
   572 | D        | Killed a meliai
   573 | D        | Reached skill level 5 in Short Blades
   579 | D        | Killed a five-headed hydra
   580 | D        | Reached skill level 10 in Dodging
   583 | D        | Reached skill level 13 in Fighting
   805 | D        | Noticed a polar bear
   805 | D        | Noticed a cane toad
   805 | D        | Noticed a cane toad
   805 | D        | Noticed a rime drake
   814 | D        | Killed a rime drake
   817 | D        | Killed a cane toad
   821 | D        | Reached XP level 10. HP: 101/101 MP: 10/10
   827 | D        | Killed a cane toad
   831 | D        | Received a gift from Trog
   891 | D        | Noticed an eight-headed hydra
   901 | D        | Reached skill level 15 in Long Blades
   901 | D        | Noticed a black mamba
   905 | D        | Killed an eight-headed hydra
   906 | D        | Reached skill level 10 in Short Blades
   909 | D        | Reached skill level 14 in Fighting
   909 | D        | Reached skill level 5 in Stealth
   917 | D        | Received a gift from Trog
   930 | D        | Killed a black mamba
  1198 | D        | Reached ****** piety under Trog
  1205 | D        | Killed a cane toad
  1213 | D        | Identified the +4 long sword "Lainux" {flame, Str+5 Stlth-}
                  | (Trog gifted it to you in the Dungeon)
  1213 | D        | Received a gift from Trog
  1240 | D        | Reached XP level 11. HP: 54/111 MP: 11/11
  1480 | D        | Noticed Psyche
  1485 | D        | Killed Psyche
  1508 | D        | Noticed Sonja
  1529 | D        | Killed Sonja
  1529 | D        | Received a gift from Trog
  1560 | D        | Noticed an orc knight
  1574 | D        | Killed an orc knight
  1575 | D        | Reached skill level 15 in Fighting
  1586 | D        | Received a gift from Trog
  1713 | D        | Noticed an orc knight
  1713 | D        | Noticed an orc sorcerer
  1719 | D        | Noticed an orc knight
  1726 | D        | Killed an orc sorcerer
  1733 | D        | Killed an orc knight
  1741 | D        | Killed an orc knight
  1741 | D        | Received a gift from Trog
  1916 | D        | Found Omanluem's Weapon Boutique.
  1916 | D        | Noticed an orc sorcerer
  1916 | D        | Noticed an orc sorcerer
  1916 | D        | Noticed an orc sorcerer
  1916 | D        | Paralysed by an orc sorcerer for 7 turns
  1927 | D        | Noticed an orc sorcerer
  1929 | D        | Killed an orc sorcerer
  1929 | D        | Received a gift from Trog
  1930 | D        | Reached skill level 15 in Short Blades
  1931 | D        | Killed an orc sorcerer
  1932 | D        | Found Kablu's Distillery.
  1932 | D        | Noticed an orc sorcerer
  1935 | D        | Killed an orc sorcerer
  1936 | D        | Reached skill level 16 in Fighting
  1936 | D        | Found Kuwn's Distillery.
  1937 | D        | Received a gift from Trog
  1941 | D        | Found Xodahat's Book Shop.
  1945 | D        | Killed an orc sorcerer
  1948 | D        | Killed an orc sorcerer
  1951 | D        | Received a gift from Trog
  1952 | D        | Noticed an orc sorcerer
  1957 | D        | Noticed an orc sorcerer
  1961 | D        | Killed an orc sorcerer
  1970 | D        | Killed an orc sorcerer
  1970 | D        | Received a gift from Trog
  2015 | D        | Bought a +2 morningstar of holy wrath for 230 gold pieces
  2023 | D        | Bought a potion of heal wounds for 65 gold pieces
  2023 | D        | Bought a potion of curing for 39 gold pieces
  2023 | D        | Bought a potion of curing for 39 gold pieces
  2023 | D        | Bought a potion of might for 52 gold pieces
  2025 | D        | Bought a potion of attraction for 33 gold pieces
  2025 | D        | Bought a potion of might for 44 gold pieces
  2025 | D        | Bought a potion of curing for 33 gold pieces
  2025 | D        | Bought a potion of mutation for 88 gold pieces
  2025 | D        | Bought a potion of curing for 33 gold pieces
  2025 | D        | Bought a potion of curing for 33 gold pieces
  2025 | D        | Bought a potion of mutation for 88 gold pieces
  2234 | D        | Noticed Harold
  2241 | D        | Killed Harold
  2256 | D        | Noticed Gastronok
  2282 | D        | Killed Gastronok
  2283 | D        | Reached skill level 17 in Fighting
  2283 | D        | Reached XP level 12. HP: 120/125 MP: 12/12
  2342 | D        | Found the +2 Maxwell's thermic engine {flame, freeze}
  2402 | D        | Noticed a six-headed hydra
  2402 | D        | Noticed a centaur warrior
  2405 | D        | Received a gift from Trog
  2408 | D        | Noticed a five-headed hydra
  2410 | D        | Killed a centaur warrior
  2411 | D        | Reached skill level 10 in Stealth
  2411 | D        | Noticed a fire dragon
  2417 | D        | Killed a six-headed hydra
  2419 | D        | Noticed a deep troll shaman
  2420 | D        | Noticed an ettin
  2424 | D        | Noticed a deep troll earth mage
  2430 | D        | Killed a five-headed hydra
  2446 | D        | Killed a deep troll earth mage
  2447 | D        | Killed a fire dragon
  2448 | D        | Reached skill level 18 in Fighting
  2448 | D        | Killed a deep troll shaman
  2448 | D        | Received a gift from Trog
  2468 | D        | Noticed a spriggan air mage
  2657 | D        | Killed an ettin
  2974 | D        | Killed a spriggan air mage
  3014 | D        | Noticed an ettin
  3021 | D        | Killed an ettin
  3030 | D        | Noticed a tengu reaver
  3046 | D        | Killed a tengu reaver
  3481 | D        | Received a gift from Trog
  3482 | D        | Noticed an alligator snapping turtle
  3491 | D        | Reached skill level 19 in Fighting
  3546 | D        | Killed an alligator snapping turtle
  3554 | D        | Received a gift from Trog
  3942 | D        | Noticed an anaconda
  3949 | D        | Reached XP level 13. HP: 138/138 MP: 13/13
  3960 | D        | Received a gift from Trog
  3981 | D        | Received a gift from Trog
  4337 | D        | Noticed a bunyip
  4337 | D        | Noticed a bunyip
  4356 | D        | Reached skill level 20 in Fighting
  4367 | D        | Killed a bunyip
  4381 | D        | Received a gift from Trog
  4384 | D        | Killed a bunyip
  4385 | D        | Reached skill level 15 in Dodging
  4733 | D        | Noticed a broodmother
  4742 | D        | Received a gift from Trog
  4774 | D        | Killed a broodmother
  4775 | D        | Reached skill level 15 in Stealth
  4788 | D        | Received a gift from Trog
  4789 | D        | Reached skill level 21 in Fighting
  4987 | D        | Noticed Azrael
  5016 | D        | Killed Azrael
  5026 | D        | Noticed Eustachio
  5036 | D        | Killed Eustachio
  5036 | D        | Received a gift from Trog
  5112 | D        | Identified the +4 kite shield of the Game of Life {-Tele
                  | Harm rC+++ MP-9}
  5112 | D        | Noticed Donald
  5126 | D        | HP: 7/143 [Donald/+0 double sword (24)]
  5140 | D        | Killed Donald
  5562 | D        | Noticed a spriggan defender
  5562 | D        | Noticed a frost giant
  5562 | D        | Noticed a frost giant
  5563 | D        | Noticed a fire giant
  5565 | D        | Noticed a vampire knight
  5566 | D        | Received a gift from Trog
  5567 | D        | Reached skill level 1 in Shields
  5570 | D        | Killed a spriggan defender
  6009 | D        | Noticed a tentacled monstrosity
  6025 | D        | Killed a tentacled monstrosity
  6103 | D        | Killed a frost giant
  6111 | D        | Killed a frost giant
  6112 | D        | Gained mutation: Your tail ends in a venomous barb. [Green
                  | Draconian growth]
  6112 | D        | Reached XP level 14. HP: 37/152 MP: 14/14
  6126 | D        | Killed from afar by an ice dragon

Illustrated notes

Levels and vault maps discovered:
D:        linesprint [early_d, line_temple, items_1, d_10, items_2, lair_1,
          lair_end, items_3, orc_1, orc_end, items_4, d_15, swamp_1, shoals_1,
          snake_1, spider_1, d_20, vaults_1, items_5, swamp_end, shoals_end,
          snake_end, spider_end, vaults_end, d_27, items_6, zot_1, zot_end,
          crypt_end, forest_end, elf_end, slime_end, tomb_end, abyss_end,
          pan_hell_end]

Skill      XL: |  1  2  3  4  5  6  7  8  9 10 11 12 13 |
---------------+----------------------------------------+-----
Dodging        | 4 5 6 7 8 9 10 11 12 14 16 | 16.2
Fighting       | 5 7 8 9 10 12 13 14 17 19 21 | 21.7
Long Blades    | 5 7 9 10 11 13 14 15 | 15.1
Stealth        | 1 2 3 4 6 9 12 16 | 16.1
Short Blades   | 1 2 4 8 12 16 17 19 | 19.5
Shields        | 3 |  3.9
Evocations     | |  0.6

Action                   |  1- 3 |  4- 6 |  7- 9 | 10-12 | 13-15 || total
-------------------------+-------+-------+-------+-------+-------++-------
Melee: Falchion          |    21 |    14 |       |       |       ||    35
       Cutlass           |       |    10 |    42 |   353 |   190 ||   595
       Tailslap          |       |     3 |     4 |    73 |    30 ||   110
       Punch             |       |       |       |     8 |     3 ||    11
Throw: Dart              |       |       |       |       |     1 ||     1
Invok: Berserk           |     1 |     1 |     3 |     9 |     4 ||    18
       Brothers in Arms  |       |       |       |       |     1 ||     1
 Abil: Breathe Noxious F |       |       |       |    14 |     9 ||    23
Evoke: Wand              |       |       |       |       |     1 ||     1
       Box of beasts     |       |       |       |       |     1 ||     1
  Use: Potion            |       |       |       |     4 |       ||     4
       Scroll            |       |       |       |     2 |     2 ||     4
 Stab: Confused          |       |       |       |    16 |     6 ||    22
       Sleeping          |       |       |       |     1 |     2 ||     3
       Distracted        |       |       |       |     1 |       ||     1
Armor: Skin              |     7 |     2 |     9 |    48 |    21 ||    87
Dodge: Dodged            |    14 |    13 |    14 |   107 |    59 ||   207

Table legend: (Time is in decaauts)
 A = Elapsed time spent in this place.
 B = Non-inter-level travel time spent in this place.
 C = Inter-level travel time spent in this place.
 D = Time resting spent in this place.
 E = Time spent auto-exploring this place.
 F = Levels seen in this place.
 G = Mean time per level.
                   A        B        C        D        E       F      G
               +--------+--------+--------+--------+--------+-----+--------+
         Total |   5909 |   5909 |      0 |   3066 |   1391 |   1 | 5909.0 |
       Dungeon |   5909 |   5909 |      0 |   3066 |   1391 |   1 | 5909.0 |
               +--------+--------+--------+--------+--------+-----+--------+

Top non-repeatable levels by time:
       D: 5909 daAuts
